 Dungeon Crawl Stone Soup version 0.18-a0-1577-gf591c28 (webtiles) character file.

1031 namelastname112 the Scratcher (level 8, -4/57 HPs)
             Began as a Felid Chaos Knight on Mar 19, 2016.
             Slain by an orc knight
             ... wielding a +0 glaive
              (14 damage)
             ... in a bailey.
             The game lasted 00:13:45 (8647 turns).

namelastname112 the Scratcher (Felid Chaos Knight)  Turns: 8647, Time: 00:13:45

Health: -4/57      AC: 24    Str:  9 (10) XL:     8   Next: 3%
Magic:  12/12      EV:  6    Int: 14      God:    Xom [*.....]
Gold:   265        SH:  0    Dex: 15 (17) Spells: 1 memorised, 5 levels left
                                        Lives:  0   Deaths: 2

rFire  . . .     SeeInvis +       - Unarmed
rCold  . . .     Gourm    .     (armour unavailable)
rNeg   + + +     Faith    .     (shield unavailable)
rPois  +         Spirit   .     (helmet unavailable)
rElec  .         Dismiss  .     (cloak unavailable)
rCorr  .         Reflect  .     (gloves unavailable)
SustAt .         Harm     .     (boots unavailable)
MR     +....     NoTele   +     (no amulet)
Stlth  +++++.....               s - +4 ring of dexterity
                                f - ring of poison resistance

@: tree-form, somewhat resistant to hostile enchantments, quite stealthy
A: no armour, no weapons or thrown items, (claws 0), (fangs 0), (horns 0),
repulsion field 1, see invisible, carnivore 3, clumsy 2, deterioration 2, (speed
0), (shaggy fur 0), slow metabolism 1, strong 1, wild magic 1, (sharp paws)
a: Renounce Religion


You were in a bailey.
You worshipped Xom.
You were a special plaything of Xom.
You were not hungry.
You were a tree.
You visited 1 branch of the dungeon, and saw 7 of its levels.
You also visited: Bailey.

You collected 265 gold pieces.

Inventory:

Jewellery
 f - a ring of poison resistance (left branch)
 s - a +4 ring of dexterity (right branch)
Wands
 l - a wand of flame (30/48)
Scrolls
 d - a scroll of blinking
 k - 2 scrolls of amnesia
 w - 3 scrolls of remove curse
 x - 2 scrolls of identify
Potions
 b - 3 potions of agility
 c - a potion of invisibility
 n - 2 potions of flight
 p - 3 potions of brilliance
 q - a potion of haste {unknown}
 r - a potion of ambrosia
 t - a potion of resistance
 v - a potion of cure mutation
Books
 u - an Akashic Record

   Spells                             Type                      Level
   a - Dispersal                      Translocation                6
   b - Malign Gateway                 Summoning/Translocation      7
   c - Disjunction                    Translocation                8
   d - Controlled Blink               Translocation                8
Comestibles
 a - 4 meat rations
 g - a beef jerky


   Skills:
 + Level 5.7 Fighting
 + Level 6.7 Dodging
 + Level 6.4 Stealth
 * Level 7.2 Unarmed Combat
 + Level 2.1 Spellcasting
 + Level 3.3 Translocations


You had 5 spell levels left.
You knew the following spells:

 Your Spells              Type           Power        Failure   Level  Hunger
a - Dispersal             Tloc           ###.......   100%        6    #######


Dungeon Overview and Level Annotations

Branches:
Dungeon (7/15)             Temple (0/1) D:7

Altars:
Dithmenos
Fedhas
Pakellas
Qazlal
Ru
Vehumet
Xom
Zin

Shops:
D:6 [

Annotations:
D:6 namelastname112's ghost, novice DrCK


Innate Abilities, Weirdness & Mutations

You cannot wear armour.
You are incapable of wielding weapons or throwing items.
((You have sharp claws.))
((You have razor-sharp teeth.))
You have supernaturally acute eyesight.
You are carnivorous and can eat meat at any time.
((You cover ground quickly.))
((You are covered in thick fur (AC +2).))
You have a slow metabolism.
((Your sharp claws are effective at attacking unaware monsters.))
((You have a pair of small horns on your head.))
You are surrounded by a mild repulsion field (EV +2).
You are very clumsy. (Dex -4)
Your body often deteriorates upon taking damage.
Your muscles are strong. (Str +2)
Your spells are a little harder to cast, but a little more powerful.


Message History

Done waiting.
You open the door.
There is an open door here.
The orc warrior shouts! x2; The orc knight shouts!
The orc warrior misses you.
Drink which item? (? for menu, Esc to quit)
Okay, then.
The orc knight hits you with a glaive!!
Ouch! That really hurt!
* * * LOW HITPOINT WARNING * * *
Your body deteriorates!
You feel weakened. The orc warrior misses you.
Drink which item? (? for menu, Esc to quit)
You turn into a tree.
Your roots penetrate the ground.
The orc warrior hits you but does no damage.
The orc knight roars a battlecry!
The orc warriors go into a battle-frenzy!
The orc knight hits you with a glaive!
You die...
Xom giggles madly!

#..##.#)##.(#.........
#.#########(##...(..(.
#.')#:.?#)')##........
#.###o8.###[##........
#.')#...#((.##(.......
#.####'####.##........
#..##∩)∩##((##(.......
.##..#'o'##..(.........
..##..♣o.##((..(.......
...##o...##(....≈≈≈≈≈..
....#######....≈≈#.#≈≈.
...............≈##.##≈.
...............≈..^..≈.
...........(...≈##.##≈.
...............≈≈#.#
................≈≈≈≈
....................


You could see an orc knight and 2 orc warriors.

Vanquished Creatures
  Eustachio (D:6)
  An ice beast (D:5)
  4 orc warriors
  An ogre (D:5)
  Blork the orc (D:6)
  A howler monkey (D:5)
  2 crimson imps
  A hound (D:5)
  2 orc wizards
  2 orc priests
  A giant frog skeleton (D:5)
  A gnoll shaman (D:4)
  An iguana (D:3)
  Ijyb (D:3)
  3 worker ants
  A hound zombie (D:6)
  A hound skeleton (D:4)
  A worker ant zombie (D:5)
  6 gnolls
  9 adders
  A shadow imp (D:6)
  An adder skeleton (D:4)
  An adder zombie (D:6)
  2 worms (D:2)
  A dart slug (D:4)
  4 giant geckos
  22 orcs
  10 giant cockroaches
  9 goblins
  6 hobgoblins
  6 kobolds
  3 quokkas
  11 bats
  7 giant newts
  A quokka skeleton (D:4)
  6 rats
132 creatures vanquished.

Vanquished Creatures (collateral kills)
  3 orc warriors (Bailey)
  2 orcs (Bailey)
5 creatures vanquished.

Grand Total: 137 creatures vanquished

Notes
Turn   | Place    | Note
--------------------------------------------------------------
     0 | D:1      | namelastname112 the Felid Chaos Knight began the quest for the Orb.
     0 | D:1      | Reached XP level 1. HP: 10/10 MP: 2/2
   162 | D:1      | XOM: harmless Divn miscast
   223 | D:1      | Reached XP level 2. HP: 8/14 MP: 3/3
   522 | D:1      | XOM: mild Trmt miscast
   653 | D:1      | XOM: silly message
   658 | D:1      | XOM: harmless Summ miscast
   679 | D:1      | XOM: colour smoke trail
   787 | D:1      | XOM: harmless Chrm miscast
   813 | D:1      | Reached skill level 1 in Stealth
   856 | D:1      | XOM is BORED!
   856 | D:1      | XOM: silly message
   898 | D:1      | XOM: divination: detect creatures
  1302 | D:1      | Reached XP level 3. HP: 17/17 MP: 4/4
  1357 | D:1      | XOM: mild Trmt miscast
  1521 | D:2      | Found a radiant altar of Vehumet.
  1795 | D:2      | XOM: harmless Hex miscast
  1857 | D:2      | Found a glowing silver altar of Zin.
  1862 | D:2      | XOM: harmless Chrm miscast
  1896 | D:2      | XOM: silly message
  1986 | D:2      | XOM is BORED!
  1986 | D:2      | XOM: mild Pois miscast
  2016 | D:2      | XOM: god gift: runed long sword {god gift}
  2404 | D:2      | XOM: give mutations
  2404 | D:2      | Gained mutation: Your spells are a little harder to cast, but a little more powerful. [Xom's grace]
  2404 | D:2      | Gained mutation: Your muscles are strong. (Str +2) [Xom's grace]
  2404 | D:2      | Gained mutation: You are surrounded by a mild repulsion field (EV +2). [Xom's grace]
  2404 | D:2      | Gained mutation: You have a pair of small horns on your head. [Xom's grace]
  2415 | D:2      | XOM: vitrification
  2540 | D:3      | Reached XP level 4. HP: 21/21 MP: 5/5
  2679 | D:3      | Reached skill level 4 in Unarmed Combat
  2681 | D:3      | XOM: smoke on damage
  3020 | D:3      | Found an oddly glowing altar of Pakellas.
  3277 | D:3      | Noticed Ijyb
  3287 | D:3      | Killed Ijyb
  3287 | D:3      | Reached XP level 5. HP: 18/25 MP: 6/6
  3306 | D:3      | XOM: summons 3 hostile shadow creatures
  3473 | D:3      | XOM: give mutations
  3473 | D:3      | Gained mutation: Your body sometimes deteriorates upon taking damage. [Xom's mischief]
  3473 | D:3      | Gained mutation: You are clumsy. (Dex -2) [Xom's mischief]
  3473 | D:3      | Gained mutation: You are very clumsy. (Dex -4) [Xom's mischief]
  3473 | D:3      | Gained mutation: Your body often deteriorates upon taking damage. [Xom's mischief]
  3630 | D:3      | Found a blossoming altar of Fedhas.
  3643 | D:3      | XOM: summons 2 hostile demons
  3646 | D:3      | XOM: butterfly on damage
  3647 | D:3      | XOM: butterfly on damage
  3697 | D:2      | XOM: 9-stop teleportation journey
  3741 | D:2      | XOM: scenery: 1 doors open
  4394 | D:3      | Killed from afar by an orc priest
  4395 | D:3      | Reached XP level 4. HP: -1/22 MP: 5/5
  4600 | D:4      | XOM: harmless Pois miscast
  4726 | D:4      | Reached XP level 5. HP: 25/25 MP: 6/6
  5142 | D:3      | XOM: silly message
  5158 | D:3      | XOM: butterfly on damage
  5162 | D:3      | XOM: enchant monster (bad)
  5169 | D:3      | XOM: silly message
  5351 | D:4      | Reached skill level 5 in Dodging
  5351 | D:4      | Reached skill level 5 in Unarmed Combat
  5351 | D:4      | Gained mutation: You are covered in thick fur (AC +2). [Felid growth]
  5351 | D:4      | Reached XP level 6. HP: 21/28 MP: 7/7
  5656 | D:5      | Entered Level 5 of the Dungeon
  5693 | D:5      | XOM: silly message
  5844 | D:5      | XOM: vitrification
  5879 | D:5      | Noticed an ice beast
  5887 | D:5      | XOM: 2-stop teleportation journey
  5890 | D:5      | XOM: summons 6 friendly demons
  5893 | D:5      | Killed an ice beast
  5907 | D:5      | Found a stormy altar of Qazlal.
  5908 | D:5      | Noticed an air elemental
  5939 | D:5      | Noticed a fire elemental
  5955 | D:5      | Noticed a water elemental
  6054 | D:5      | XOM: vitrification
  6188 | D:5      | Reached skill level 5 in Stealth
  6188 | D:5      | Reached XP level 7. HP: 31/33 MP: 8/8
  6228 | D:5      | XOM: summons 3 hostile demons
  6450 | D:4      | XOM: mild Necr miscast
  6678 | D:5      | XOM: harmless Erth miscast
  6682 | D:5      | HP: 1/33 [orc warrior/stone (11)]
  6694 | D:5      | Reached skill level 5 in Fighting
  6694 | D:5      | Reached skill level 6 in Unarmed Combat
  6874 | D:5      | Learned a level 6 spell: Dispersal
  6982 | D:6      | Found Pyxuch's Antique Armour Shoppe.
  6998 | D:6      | XOM: mild Trmt miscast
  7010 | D:6      | Noticed namelastname112's ghost (novice DrCK)
  7102 | D:6      | Noticed Blork the orc
  7110 | D:6      | Killed Blork the orc
  7110 | D:6      | Reached skill level 1 in Translocations
  7235 | D:6      | Noticed Eustachio
  7259 | D:6      | XOM: chaos upgrade
  7269 | D:6      | XOM: confusion
  7286 | D:6      | Killed Eustachio
  7286 | D:6      | Reached skill level 1 in Spellcasting
  7286 | D:6      | Reached XP level 8. HP: 35/37 MP: 8/10
  7638 | D:7      | Found a sacrificial altar of Ru.
  7640 | D:7      | Found a shadowy altar of Dithmenos.
  7643 | D:7      | Found a shimmering altar of Xom.
  7650 | D:7      | Found a flagged portal.
  7659 | Bailey   | Entered a bailey
  7732 | Bailey   | XOM: confusion
  7734 | Bailey   | XOM: butterfly on damage
  7736 | Bailey   | Slain by an orc warrior
  7737 | Bailey   | Reached XP level 7. HP: -2/33 MP: 9/9
  7752 | Bailey   | HP: 1/33 [orc warrior/bolt (5)]
  8141 | Bailey   | XOM: confusion (+ monsters)
  8142 | Bailey   | XOM: 1-stop teleportation journey
  8170 | Bailey   | Reached skill level 7 in Unarmed Combat
  8189 | Bailey   | XOM: summons 3 hostile demons
  8510 | Bailey   | Reached XP level 8. HP: 38/38 MP: 12/12
  8515 | Bailey   | Noticed an orc knight
  8647 | Bailey   | Slain by an orc knight

Vault maps used:
D:1:      co_arrival_random_square_maze, supply_closet_lemuel
D:2:      vehumet_crystals, zin_treasury, hangedman_decor_diamond_cutter
D:3:      fedhas_altar_4, grunt_pakellas_mercury, uniq_iyjb
D:4:      first_bread
D:5:      nicolae_qazlal_style_of_elements
D:6:      serial_shops, shop, uniq_blork_the_orc, uniq_eustachio
D:7:      nicolae_whirlpool, overflow_temple_1_default,
          gammafunk_temple_overflow_forgotten, temple_fountains, enter_bailey_3,
          nicolae_ru_the_path_less_chosen
Bailey:   bailey_polearm_2, bailey

Skill      XL: |  1  2  3  4  5  6  7 |
---------------+----------------------+-----
Stealth        | 1 2 3 5 6 |  6.4
Dodging        | 4 5 6 |  6.7
Unarmed Combat | 4 5 7 |  7.2
Fighting       | 4 5 |  5.7
Translocations | 3 |  3.3
Spellcasting   | 2 |  2.1

Action                   |  1- 3 |  4- 6 |  7- 9 || total
-------------------------+-------+-------+-------++-------
Melee: Unarmed           |   131 |   209 |   117 ||   457
Evoke: Wand              |       |     2 |     3 ||     5
  Use: Scroll            |       |    12 |     6 ||    18
       Potion            |       |     1 |     9 ||    10
 Stab: Sleeping          |     8 |     6 |     2 ||    16
       Distracted        |       |     1 |     1 ||     2
       Confused          |       |       |     1 ||     1
  Eat: Chunk             |    10 |    12 |     6 ||    28
